 Dungeon Crawl Stone Soup version 0.30-a0-632-g346586fe48 (webtiles) character file.

Game seed: 9046314288012473512

32090 wormed the Thaumaturge (level 13, -1/100 HPs)
             Began as a Gnoll Earth Elementalist on Jan 13, 2023.
             Was a High Priest of Cheibriados.
             Slain by a death yak (22 damage)
             ... on level 4 of the Lair of Beasts.
             The game lasted 00:35:32 (21206 turns).

wormed the Thaumaturge (Gnoll Earth Elementalist)  Turns: 21206, Time: 00:35:33

Health: -1/100     AC: 16    Str: 26    XL:     13   Next: 62%
Magic:  13/27      EV: 23    Int: 34    God:    Cheibriados [*****.]
Gold:   2469       SH:  0    Dex: 31    Spells: 16/32 levels left

rFire   + + .      SeeInvis .    N - staff of earth
rCold   + . .      Faith    .    (no shield)
rNeg    + . .      Spirit   .    Q - +1 robe of the Mackerel {rF+ rN+ Regen+ Dex+3}
rPois   .          Reflect  .    v - +0 helmet
rElec   .          Harm     .    l - scarf {rC+ rF+}
rCorr   .          Rampage  .    M - +0 pair of gloves
Will    .....                    T - +4 pair of boots "Fegot" {Stlth+}
Stlth   +++                      Z - amulet of regeneration
HPRegen 1.96/turn                L - +4 ring of protection
MPRegen 0.20/turn                r - +6 ring of intelligence

@: confused, about to teleport, ambrosia-drunk, very slow
A: fangs 1, strong nose, distributed training
a: Renounce Religion, Bend Time, Temporal Distortion, Slouch, Step From Time


You were on level 4 of the Lair of Beasts.
You worshipped Cheibriados.
Cheibriados was extremely pleased with you.
You visited 3 branches of the dungeon, and saw 17 of its levels.
You also visited: Ossuary.

You collected 3201 gold pieces.
You spent 732 gold pieces at shops.

Inventory:

Missiles
 n - 6 atropa-tipped darts
 K - 8 javelins
 W - 15 poisoned darts
 Y - 4 datura-tipped darts
Armour
 l - a scarf of resistance (worn)
 v - a +0 helmet (worn)
 w - a +0 kite shield
 M - a +0 pair of gloves (worn)
 Q - the +1 robe of the Mackerel (worn) {rF+ rN+ Regen+ Dex+3}
   (You found it on level 8 of the Dungeon)

   Dex:       It affects your dexterity (+3).
   rF:        It protects you from fire.
   rN:        It protects you from negative energy.
   Regen:     It increases your rate of health regeneration.
 T - the +4 pair of boots "Fegot" (worn) {Stlth+}
   (You found it on level 10 of the Dungeon)

   Stlth:     It makes you more stealthy.
Magical Staves
 G - a staff of death
 N - a staff of earth (weapon)
Jewellery
 a - a ring of wizardry
 r - a +6 ring of intelligence (right hand)
 L - a +4 ring of protection (left hand)
 Z - an amulet of regeneration (around neck)
Wands
 A - a wand of paralysis (4) (quivered)
 P - a wand of polymorph (21)
 V - a wand of flame (9)
Scrolls
 g - 2 scrolls of amnesia
 h - 2 scrolls of fog
 k - 5 scrolls of teleportation
 p - 6 scrolls of blinking
 q - 2 scrolls of noise
 t - 3 scrolls of enchant weapon
 y - 2 scrolls of torment
 z - 2 scrolls of fear
 B - a scroll of immolation
 C - 5 scrolls of vulnerability
 D - 2 scrolls of magic mapping
 F - 6 scrolls of enchant armour
 I - 4 scrolls of butterflies
 O - a scroll of silence {unknown}
 S - 2 scrolls of poison
Potions
 b - a potion of magic
 c - 6 potions of curing
 d - 3 potions of brilliance
 e - 2 potions of ambrosia
 f - a potion of attraction
 i - 4 potions of might
 j - 5 potions of heal wounds {unknown}
 m - 2 potions of resistance {unknown}
 o - 2 potions of invisibility {unknown}
 s - 4 potions of degeneration {unknown}
 u - 3 potions of haste {unknown}
 x - 5 potions of mutation {unknown}
 E - 3 potions of berserk rage {unknown}
 H - 3 potions of lignification {unknown}
 J - 3 potions of flight {unknown}
 R - 3 potions of cancellation
Miscellaneous
 X - a condenser vane


   Skills:
 + Level 8.8 Fighting
 + Level 8.8 Short Blades
 + Level 8.8 Long Blades
 + Level 8.8 Axes
 + Level 8.8 Maces & Flails
 + Level 8.8 Polearms
 + Level 8.8 Staves
 + Level 8.8 Ranged Weapons
 + Level 8.8 Throwing
 + Level 8.8 Armour
 + Level 9.9 Dodging
 + Level 9.8 Stealth
 + Level 8.8 Shields
 + Level 8.8 Unarmed Combat
 + Level 10.1 Spellcasting
 + Level 7.3 Conjurations
 + Level 7.3 Hexes
 + Level 7.3 Summonings
 + Level 7.3 Necromancy
 + Level 7.3 Translocations
 + Level 7.6 Transmutations
 + Level 7.3 Fire Magic
 + Level 7.3 Ice Magic
 + Level 7.3 Air Magic
 + Level 9.2 Earth Magic
 + Level 7.3 Poison Magic
 + Level 9.6 Invocations
 + Level 8.8 Evocations


You had 16 spell levels left.
You knew the following spells:

 Your Spells              Type           Power      Damage    Failure   Level
a - Stone Arrow           Conj/Erth      100%       3d13      1%          3
b - Inner Flame           Hex/Fire       61%        N/A       1%          3
c - Summon Mana Viper     Hex/Summ       61%        N/A       3%          5
d - Manifold Assault      Tloc           61%        N/A       1%          4
e - Sandblast             Erth           100%       2d20      1%          1

Your spell library contained the following spells:

 Spells                   Type           Power      Damage    Failure   Level
 Summon Small Mammal      Summ           100%       N/A       1%          1
 Call Imp                 Summ           61%        N/A       1%          2
 Passwall                 Tmut/Erth      70%        N/A       1%          2
 Gell's Gravitas          Tloc           61%        N/A       1%          3
 Hailstorm                Conj/Ice       61%        3d13      1%          3
 Teleport Other           Tloc           61%        N/A       1%          3
 Ice Form                 Ice/Tmut       62%        N/A       1%          4
 Petrify                  Tmut/Erth      84%        N/A       1%          4
 Summon Ice Beast         Ice/Summ       61%        N/A       1%          4
 Dispersal                Tloc           30%        N/A       21%         6
 Simulacrum               Ice/Necr       30%        N/A       21%         6
 Monstrous Menagerie      Summ           30%        N/A       73%         7
 Disjunction              Tloc           30%        N/A       100%        8


Dungeon Overview and Level Annotations

Branches:
Dungeon (11/15)            Temple (1/1) D:7            Lair (5/5) D:8
  Swamp (0/4) Lair:3        Snake (0/4) Lair:2      Ossuary (visited)
  Slime: Lair:4-5       Orc: D:9-12

Altars:
Ashenzari
Cheibriados
Dithmenos
Elyvilon
Fedhas
Gozag
Hepliaklqana
Makhleb
Nemelex Xobeh
Okawaru
Qazlal
Ru
Sif Muna
Trog
Uskayaw
Vehumet
Wu Jian
Xom
The Shining One

Shops:
D:1 ?   D:11 [


Innate Abilities, Weirdness & Mutations

You have very sharp teeth.
Your uncanny sense of smell can sniff out nearby items.
Your experience applies equally to all skills.


Message History

You don't have enough magic to cast this spell.
Casting: Stone Arrow (safe; 1% risk of failure)
Confirm with . or Enter, or press ? or * to list all spells.
Aiming: Stone Arrow (safe; 1% risk of failure)
Press: ? - help, Shift-Dir - straight line, f - death yak
Aim: a death yak (92% to hit)
Okay, then.
You completely miss the death yak.
You bite the death yak, but do no damage.
The death yak gores you!!
You hit the death yak but do no damage. The death yak completely misses you.
Casting: Stone Arrow (safe; 1% risk of failure)
Confirm with . or Enter, or press ? or * to list all spells.
You don't have enough magic to cast this spell.
You hit the death yak!
The death yak is lightly wounded.
The death yak misses you. x2
The death yak gores you but does no damage.
You hit the death yak but do no damage.
The death yak is lightly wounded.
You hit the death yak.
You punch the death yak, but do no damage.
The death yak is lightly wounded.
The death yak gores you! The death yak completely misses you. x2
You hit the death yak but do no damage.
The death yak is lightly wounded.
The death yak misses you. The death yak gores you!! The death yak gores you!
As you read the scroll of teleportation, it crumbles to dust.
You feel strangely unstable. The death yak gores you!
* * * LOW HITPOINT WARNING * * *
The death yak gores you!
* * * LOW HITPOINT WARNING * * *
The death yak barely misses you.
You are confused.
You feel invigorated. The death yak barely misses you.
The death yak completely misses you. The death yak closely misses you.
The death yak gores you.
* * * LOW HITPOINT WARNING * * *
The death yak gores you!!
You die...

#.........(..##..
##P............######.
##P..............# #..
#................# ###
#...............## #
#...............#
#..<............#
..###..YY.........###
.......Y@........#.#
.......##.......#.##
......# ###P#..####
..~.♣. ###.## P~~ ~
#.# ~~ PP ### ~ P~ ~♣#


You could see 3 death yaks.

Vanquished Creatures
  3 hydras (Lair:3)
  3 two-headed ogres
  Erica (D:9)
  6 death yaks
  A black mamba (Lair:2)
  Maurice (D:8)
  Maggie (Lair:1)
  A kobold demonologist (D:11)
  2 cane toads
  3 komodo dragons
  A troll (D:11)
  A hornet (D:9)
  A polar bear (Lair:3)
  Prince Ribbit (D:5)
  A tyrant leech (Lair:3)
  3 blink frogs (Lair:3)
  2 shadows
  12 yaks
  2 wraiths (D:11)
  5 wyverns
  A steam dragon (D:8)
  3 vampire mosquitoes (D:11)
  3 nagas (Lair:2)
  An acid dragon (D:11)
  7 water moccasins
  6 ice beasts
  2 orc warriors
  4 sky beasts
  3 black bears
  16 wolves (Lair:1)
  2 centaurs
  7 bullfrogs
  2 phantoms (D:6)
  Blork the orc (D:6)
  2 kobold brigands (D:11)
  2 necrophages (D:6)
  14 scorpions
  3 wights (D:8)
  A jelly (D:8)
  17 killer bees
  6 howler monkeys
  An electric eel (Lair:5)
  2 lava snakes (D:10)
  4 human zombies (Ossuary)
  2 hounds
  6 orc priests
  A gnoll bouda (D:8)
  2 iguanas
  Jessica (D:2)
  9 orc wizards
  A hell rat (D:8)
  2 scorpion zombies (Ossuary)
  3 mummies (Ossuary)
  Robin (D:2)
  12 gnolls
  8 adders
  2 white imps
  An ufetubus (D:4)
  A worm (D:2)
  4 dart slugs
  32 orcs
  2 ball pythons (D:1)
  8 endoplasms
  2 giant cockroaches (D:4)
  A gnoll zombie (Ossuary)
  11 hobgoblins
  A jackal (D:1)
  4 quokkas
  5 bats
  3 frilled lizards
  17 goblins
  A goblin zombie (Ossuary)
  3 hobgoblin zombies (Ossuary)
  9 kobolds
  5 kobold zombies (Ossuary)
  11 rats
332 creatures vanquished.

Vanquished Creatures (collateral kills)
  5 death yaks
  4 black mambas
  2 cane toads
  A rime drake (Lair:3)
  3 komodo dragons
  2 polar bears
  A wyvern (Lair:2)
  3 basilisks
  5 yaks (Lair:2)
  2 water moccasins
  A black bear (Lair:2)
  9 wolves (Lair:1)
  A bullfrog (Lair:1)
  2 killer bees (D:8)
  2 river rats (D:8)
43 creatures vanquished.

Vanquished Creatures (others)
  A kobold demonologist (D:11)
  2 fungi
  9 plants
12 creatures vanquished.

Grand Total: 387 creatures vanquished

Notes
Turn   | Place    | Note
-------+----------+-------------------------------------------
     0 | D:1      | wormed the Gnoll Earth Elementalist began the quest for the
                  | Orb.
     0 | D:1      | Reached XP level 1. HP: 13/13 MP: 6/6
   153 | D:1      | Reached XP level 2. HP: 19/19 MP: 4/7
   594 | D:1      | Reached skill level 5 in Spellcasting
   594 | D:1      | Reached XP level 3. HP: 25/25 MP: 6/9
   703 | D:1      | Found Lavomaz's Magic Scroll Shoppe.
   739 | D:1      | Learned a level 3 spell: Stone Arrow
   826 | D:2      | Reached skill level 1 in Invocations
  1127 | D:2      | Reached skill level 1 in Fighting
  1127 | D:2      | Reached skill level 1 in Short Blades
  1127 | D:2      | Reached skill level 1 in Long Blades
  1127 | D:2      | Reached skill level 1 in Axes
  1127 | D:2      | Reached skill level 1 in Maces & Flails
  1127 | D:2      | Reached skill level 1 in Polearms
  1127 | D:2      | Reached skill level 1 in Staves
  1127 | D:2      | Reached skill level 1 in Ranged Weapons
  1127 | D:2      | Reached skill level 1 in Throwing
  1127 | D:2      | Reached skill level 1 in Armour
  1127 | D:2      | Reached skill level 1 in Shields
  1127 | D:2      | Reached skill level 1 in Unarmed Combat
  1127 | D:2      | Reached skill level 1 in Evocations
  1485 | D:2      | Noticed Jessica
  1492 | D:2      | Killed Jessica
  1493 | D:2      | Reached skill level 1 in Conjurations
  1493 | D:2      | Reached skill level 1 in Hexes
  1493 | D:2      | Reached skill level 1 in Summonings
  1493 | D:2      | Reached skill level 1 in Necromancy
  1493 | D:2      | Reached skill level 1 in Translocations
  1493 | D:2      | Reached skill level 1 in Fire Magic
  1493 | D:2      | Reached skill level 1 in Ice Magic
  1493 | D:2      | Reached skill level 1 in Air Magic
  1493 | D:2      | Reached skill level 1 in Poison Magic
  1493 | D:2      | Reached XP level 4. HP: 32/32 MP: 4/11
  1597 | D:2      | Noticed Robin
  1599 | D:2      | Killed Robin
  2186 | D:3      | Reached XP level 5. HP: 37/37 MP: 8/12
  2482 | D:3      | Found a hide-covered altar of Uskayaw.
  2578 | D:3      | Found an iron altar of Okawaru.
  2712 | D:3      | Found an ornate altar of the Wu Jian Council.
  2721 | D:3      | Found a bloodstained altar of Trog.
  3111 | D:4      | Reached XP level 6. HP: 43/44 MP: 1/14
  3258 | D:4      | Reached skill level 5 in Dodging
  3497 | D:4      | Noticed a black bear
  3501 | D:4      | Killed a black bear
  3691 | D:4      | Reached XP level 7. HP: 48/50 MP: 3/15
  4219 | D:5      | Entered Level 5 of the Dungeon
  4656 | D:5      | Noticed Prince Ribbit
  4662 | D:5      | Killed Prince Ribbit
  4663 | D:5      | Reached skill level 5 in Stealth
  5144 | D:5      | Reached XP level 8. HP: 39/58 MP: 1/16
  5263 | D:5      | Reached skill level 6 in Spellcasting
  6660 | D:6      | Noticed Blork the orc
  6666 | D:6      | Killed Blork the orc
  6667 | D:6      | Reached XP level 9. HP: 65/65 MP: 8/18
  7429 | D:7      | Found a sand-covered staircase.
  7524 | Ossuary  | Entered an ossuary
  8315 | Ossuary  | Reached skill level 5 in Invocations
  8596 | Ossuary  | Reached skill level 7 in Spellcasting
  9158 | D:7      | Found a staircase to the Ecumenical Temple.
  9215 | Temple   | Entered the Ecumenical Temple
  9249 | Temple   | Became a worshipper of Cheibriados the Contemplative
  9687 | D:7      | Reached skill level 5 in Fighting
  9687 | D:7      | Reached skill level 5 in Short Blades
  9687 | D:7      | Reached skill level 5 in Long Blades
  9687 | D:7      | Reached skill level 5 in Axes
  9687 | D:7      | Reached skill level 5 in Maces & Flails
  9687 | D:7      | Reached skill level 5 in Polearms
  9687 | D:7      | Reached skill level 5 in Staves
  9687 | D:7      | Reached skill level 5 in Ranged Weapons
  9687 | D:7      | Reached skill level 5 in Throwing
  9687 | D:7      | Reached skill level 5 in Armour
  9687 | D:7      | Reached skill level 5 in Shields
  9687 | D:7      | Reached skill level 5 in Unarmed Combat
  9687 | D:7      | Reached skill level 5 in Evocations
  9687 | D:7      | Reached XP level 10. HP: 74/74 MP: 13/20
 10355 | D:8      | Reached * piety under Cheibriados
 10664 | D:8      | Noticed a two-headed ogre
 10670 | D:8      | Killed a two-headed ogre
 10671 | D:8      | Reached skill level 5 in Transmutations
 11046 | D:8      | Noticed Maurice
 11053 | D:8      | Killed Maurice
 11116 | D:8      | Noticed a death yak
 11116 | D:8      | Noticed a death yak
 11117 | D:8      | Found a staircase to the Lair.
 11471 | D:8      | Identified the +1 robe of the Mackerel {rF+ rN+ Regen+
                  | Dex+3}
 11592 | D:9      | Noticed a two-headed ogre
 11597 | D:9      | Killed a two-headed ogre
 11681 | D:9      | Noticed a two-headed ogre
 11688 | D:9      | Killed a two-headed ogre
 11689 | D:9      | Reached skill level 8 in Spellcasting
 11689 | D:9      | Reached skill level 5 in Conjurations
 11689 | D:9      | Reached skill level 5 in Hexes
 11689 | D:9      | Reached skill level 5 in Summonings
 11689 | D:9      | Reached skill level 5 in Necromancy
 11689 | D:9      | Reached skill level 5 in Translocations
 11689 | D:9      | Reached skill level 5 in Fire Magic
 11689 | D:9      | Reached skill level 5 in Ice Magic
 11689 | D:9      | Reached skill level 5 in Air Magic
 11689 | D:9      | Reached skill level 5 in Poison Magic
 11689 | D:9      | Reached XP level 11. HP: 81/81 MP: 7/23
 11712 | D:9      | Reached ** piety under Cheibriados
 12033 | D:9      | Identified the +5 chain mail of the Eternal Void {-Cast
                  | rElec rN+ Will++}
 12251 | D:9      | Noticed Erica
 12271 | D:9      | Killed Erica
 12506 | D:10     | Entered Level 10 of the Dungeon
 12513 | D:10     | Identified the +4 pair of boots "Fegot" {Stlth+}
 12540 | D:10     | Found a broken altar of Ashenzari.
 12608 | D:10     | Learned a level 4 spell: Manifold Assault
 12843 | D:10     | Reached *** piety under Cheibriados
 13510 | D:10     | Found a blossoming altar of Fedhas.
 14379 | D:1      | Bought a scroll of acquirement for 624 gold pieces
 14379 | D:1      | Acquired 1141 gold pieces
 14381 | D:1      | Bought a scroll of identify for 24 gold pieces
 14381 | D:1      | Bought a scroll of identify for 24 gold pieces
 14381 | D:1      | Bought a scroll of teleportation for 36 gold pieces
 14381 | D:1      | Bought a scroll of identify for 24 gold pieces
 14500 | D:8      | Noticed a death yak
 14512 | D:9      | Killed a death yak
 14850 | D:11     | Found Efinkawe's Antique Armour Shoppe.
 15284 | D:11     | Reached **** piety under Cheibriados
 15318 | D:11     | Reached XP level 12. HP: 91/91 MP: 6/24
 15507 | D:11     | Found a sparkling altar of Nemelex Xobeh.
 15586 | D:11     | Got Niel's Folio of the Mob and Ignition
 15660 | D:11     | Learned a level 5 spell: Summon Mana Viper
 15664 | D:11     | Learned a level 3 spell: Inner Flame
 15701 | D:8      | Killed a death yak
 15709 | D:8      | Killed a death yak
 16202 | Lair:1   | Entered Level 1 of the Lair of Beasts
 16205 | Lair:1   | Reached skill level 9 in Spellcasting
 16439 | Lair:1   | Noticed a death yak
 16446 | Lair:1   | Killed a death yak
 16543 | Lair:1   | Noticed a death yak
 16544 | Lair:1   | Noticed a death yak
 16548 | Lair:1   | Noticed a death yak
 16551 | Lair:1   | Noticed a death yak
 16564 | D:8      | Killed a death yak
 16564 | D:8      | Reached ***** piety under Cheibriados
 16614 | Lair:1   | Noticed a death yak
 16632 | D:8      | Killed a death yak
 16665 | D:8      | Killed a death yak
 16684 | D:8      | Killed a death yak
 16704 | Lair:1   | Killed a death yak
 16741 | Lair:1   | Noticed Maggie
 16751 | Lair:1   | Killed Maggie
 17815 | Lair:2   | Reached XP level 13. HP: 98/98 MP: 21/26
 18522 | Lair:2   | Found a staircase to the Snake Pit.
 19824 | Lair:3   | You fall into a shaft and drop 2 floors!
 19824 | Lair:5   | Entered Level 5 of the Lair of Beasts
 20449 | Lair:3   | Reached skill level 10 in Spellcasting
 20815 | Lair:3   | Found a staircase to the Swamp.
 20991 | Lair:3   | Acquired 1082 gold pieces
 21206 | Lair:4   | Slain by a death yak

Illustrated notes

Levels and vault maps discovered:
D:1:      eino_arrival_druids_welcome, layout_basic, serial_shops, shop,
          st_stairs_9, minmay_split_cup_large
D:2:      layout_loops_corners, minmay_between, uniq_robin, uniq_jessica
D:3:      layout_basic, nicolae_uskayaw_dance_hall, mainiacjoe_overflow_swirl,
          mainiacjoe_overflow_alcove_4, minmay_misc_feat_room
D:4:      layout_loops_ring
D:5:      layout_loops_corners, minmay_misc_feat_rugged, uniq_prince_ribbit1
D:6:      layout_basic, uniq_blork_the_orc
D:7:      layout_loops_ring, temple_statues,
          nicolae_ossuary_entry_false_entrances
D:8:      layout_gridville, dpeg_lair_monsters, uniq_maurice
D:9:      cheibrodos_helix_gallery, layout_gridville, uniq_erica
D:10:     layout_layer_cave, cheibrodos_ashenzari_chains, fedhas_altar_4,
          eino_small_chamber_without_monster, kennysheep_small_spiral
D:11:     layout_roguey, serial_glass, glass_columns_b, glass_columns_a,
          serial_shops, nicolae_shop_trees, nemelex_xobeh_ov_fountains_minmay
Temple:   nicolae_temple_bog_church
Lair:1:   layout_hall_layers, gauntlet_entry_generic,
          grunt_forest_large_clearings, uniq_maggie
Lair:2:   layout_concentric_octagons, nicolae_snake_entry_squirm, serial_rivers,
          chequers_serial_rivers_large_a, chequers_serial_rivers_micro_d,
          chequers_serial_rivers_small_b, chequers_serial_rivers_large_b,
          chequers_serial_rivers_micro_a
Lair:3:   layout_gridlike, palyth_hydra_swamp_entry
Lair:4:   minmay_guarded_unrand_snakebite, layout_cave_pods,
          serial_bayou_shore_b
Lair:5:   evilmike_catoblepas_cave, layout_hall_layers,
          nicolae_slime_entry_field_trip, nicolae_quartered_pool_super,
          st_stairs_4

Skill      XL: |  1  2  3  4  5  6  7  8  9 10 11 12 13 |
---------------+----------------------------------------+-----
Transmutations | 2 3 4 5 6 7 |  7.6
Spellcasting   | 5 6 7 8 9 10 | 10.1
Invocations    | 1 2 3 4 5 6 7 8 9 |  9.6
Fighting       | 1 2 3 5 6 7 8 |  8.8
Short Blades   | 1 2 3 5 6 7 8 |  8.8
Long Blades    | 1 2 3 5 6 7 8 |  8.8
Axes           | 1 2 3 5 6 7 8 |  8.8
Maces & Flails | 1 2 3 5 6 7 8 |  8.8
Polearms       | 1 2 3 5 6 7 8 |  8.8
Staves         | 1 2 3 5 6 7 8 |  8.8
Ranged Weapons | 1 2 3 5 6 7 8 |  8.8
Throwing       | 1 2 3 5 6 7 8 |  8.8
Armour         | 1 2 3 5 6 7 8 |  8.8
Shields        | 1 2 3 5 6 7 8 |  8.8
Unarmed Combat | 1 2 3 5 6 7 8 |  8.8
Evocations     | 1 2 3 5 6 7 8 |  8.8
Conjurations   | 1 2 3 4 5 6 7 |  7.3
Hexes          | 1 2 3 4 5 6 7 |  7.3
Summonings     | 1 2 3 4 5 6 7 |  7.3
Necromancy     | 1 2 3 4 5 6 7 |  7.3
Translocations | 1 2 3 4 5 6 7 |  7.3
Fire Magic     | 1 2 3 4 5 6 7 |  7.3
Ice Magic      | 1 2 3 4 5 6 7 |  7.3
Air Magic      | 1 2 3 4 5 6 7 |  7.3
Poison Magic   | 1 2 3 4 5 6 7 |  7.3
Dodging        | 5 6 7 8 9 |  9.9
Stealth        | 5 6 7 8 9 |  9.8
Earth Magic    | 6 7 8 9 |  9.2

Action                   |  1- 3 |  4- 6 |  7- 9 | 10-12 | 13-15 || total
-------------------------+-------+-------+-------+-------+-------++-------
Melee: Unarmed           |       |    10 |       |       |       ||    10
       Bite              |       |     1 |    18 |    75 |     6 ||   100
       Hand axe          |       |       |    37 |       |       ||    37
       Punch             |       |       |     7 |    31 |     3 ||    41
       Staff             |       |       |    63 |   406 |    28 ||   497
 Cast: Sandblast         |    59 |    40 |     3 |     1 |       ||   103
       Stone Arrow       |     7 |    23 |   166 |   204 |    60 ||   460
       Manifold Assault  |       |       |       |     5 |       ||     5
       Summon Mana Viper |       |       |       |    24 |    22 ||    46
       Inner Flame       |       |       |       |     4 |       ||     4
Invok: Bend Time         |       |       |       |     1 |       ||     1
Evoke: Wand              |       |       |     2 |       |       ||     2
  Use: Potion            |       |       |     1 |     2 |     1 ||     4
       Scroll            |       |       |       |    23 |     3 ||    26
 Stab: Paralysed         |       |       |     7 |       |       ||     7
       Distracted        |       |       |       |     2 |     1 ||     3
Armor: Robe              |     2 |     5 |    24 |   169 |     9 ||   209
Dodge: Dodged            |    10 |    33 |    81 |   920 |    46 ||  1090

Table legend: (Time is in decaauts)
 A = Elapsed time spent in this place.
 B = Non-inter-level travel time spent in this place.
 C = Inter-level travel time spent in this place.
 D = Time resting spent in this place.
 E = Time spent auto-exploring this place.
 F = Levels seen in this place.
 G = Mean time per level.
                   A        B        C        D        E       F      G
               +--------+--------+--------+--------+--------+-----+--------+
         Total |  25415 |  24109 |   1306 |    235 |  20361 |  18 | 1411.9 |
       Dungeon |  17055 |  16083 |    972 |    235 |  13380 |  11 | 1550.5 |
        Temple |     54 |     34 |     20 |      0 |     16 |   1 |   54.0 |
          Lair |   7060 |   6747 |    313 |      0 |   5946 |   5 | 1412.0 |
       Ossuary |   1244 |   1244 |      0 |      0 |   1017 |   1 | 1244.0 |
               +--------+--------+--------+--------+--------+-----+--------+

Top non-repeatable levels by time:
  Lair:2: 2944 daAuts
     D:8: 2545 daAuts
    D:10: 2385 daAuts
  Lair:3: 2065 daAuts
     D:7: 1751 daAuts
  Lair:1: 1701 daAuts
     D:6: 1649 daAuts
     D:5: 1647 daAuts
     D:2: 1489 daAuts
     D:9: 1337 daAuts
    D:11: 1306 daAuts
 Ossuary: 1244 daAuts
     D:4: 1221 daAuts
     D:3: 900 daAuts
     D:1: 821 daAuts
